Map: Orbital Shipyard

Players

Houzi

  • Race: Zerg Zerg
  • League: Grandmaster

Alaska - Winner!

  • Race: Protoss Protoss
  • League: Grandmaster

VOD

Have the link to the VOD?

Description

Time

  • Played on: July 8, 2015, 1:22 a.m.
  • Length: 6:27
Show
View Real Time Build Order
Export as new Build Order

Houzi Zerg 

Build Orders: 3 Hatch before Pool 

Get SALT Encoding   

  12  0:01  Drone  
  13  0:12  Overlord  
  13  0:20  Drone  
  14  0:31  Drone x2  
  14  0:35  Drone  
  17  0:45  Drone  
  18  0:55  Hatchery  
  17  0:58  Drone  
  18  1:07  Drone  
  19  1:21  Drone  
  20  1:28  Hatchery, Drone  
  20  1:40  Spawning Pool  
  20  1:41  Drone  
  20  1:49  Overlord  
  20  2:00  Drone  
  21  2:07  Drone  
  22  2:11  Drone  
  23  2:18  Drone  
  23  2:22  Drone  
  25  2:28  Queen x2  
  29  2:30  Drone  
  29  2:34  Zergling x2  
  31  2:40  Drone x2  
  31  2:42  Queen  
  31  2:43  Drone  
  36  2:50  Drone  
  37  2:53  Extractor  
  37  2:54  Drone x2, Extractor  
  37  2:57  Extractor  
  36  3:08  Drone x3  
  38  3:20  Queen  
  38  3:22  Overlord  
  38  3:23  Overlord  
  40  3:40  Queen  
  42  3:48  Drone  
  42  3:49  Drone x11  
  42  3:53  Extractor  
  42  3:55  Extractor  
  52  3:56  Drone  
  52  3:57  Drone  
  54  4:13  Zergling x2  
  54  4:14  Zergling x10  
  54  4:16  Metabolic Boost  
  41  4:40  Zergling x14  
  41  4:41  Zergling x6  
  42  4:53  Zergling x6  
  42  4:54  Zergling x2  
  34  5:11  Spine Crawler  
  34  5:13  Spine Crawler  
  28  5:14  Spine Crawler  
  27  5:33  Zergling x2  
  27  5:34  Zergling x4  
  27  5:35  Zergling x8  
  34  5:48  Spine Crawler  
  12  6:07  Zergling x2  
Show
View Real Time Build Order
Export as new Build Order

Alaska Protoss - Winner!

Build Orders: Mass Adepts 

Get SALT Encoding   

  12  0:01  Probe  
  13  0:14  Pylon  
  13  0:19  Probe  
  14  0:37  Gateway  
  14  0:38  Probe (Chrono Boost)  
  15  0:47  Assimilator  
  16  0:50  Probe (Chrono Boost)  
  16  0:56  Probe (Chrono Boost)  
  17  1:02  Gateway  
  17  1:08  Probe  
  18  1:20  Probe (Chrono Boost)  
  19  1:30  Cybernetics Core  
  19  1:32  Probe (Chrono Boost)  
  20  1:41  Probe (Chrono Boost)  
  20  1:43  Pylon  
  21  1:49  Probe  
  21  1:53  Assimilator  
  22  2:07  Adept x2  
  22  2:08  Warp Gate (Chrono Boost)  
  26  2:10  Probe  
  26  2:13  Pylon  
  27  2:24  Gateway  
  27  2:30  Gateway  
  27  2:33  Probe  
  28  2:53  Adept x2  
  28  2:56  Probe  
  33  3:11  Pylon  
  31  3:52  Adept x4  
  39  4:17  Adept x3  
  41  4:20  Pylon  
  43  4:42  Zealot x4  
  47  5:07  Adept x3  
  53  5:23  Pylon  
  53  5:36  Nexus  
  53  5:40  Pylon x2  
  53  5:46  Zealot x2  
  53  5:47  Zealot x2  
  47  6:09  Zealot x4  
Tags
 
Add a new tag
Caveats
  • Supply blocks, unpowered buildings, or Contaminate may cause inaccurate times.
  • Supply counts are checked every 10 seconds.